[Event "*** Titled Tuesday Blitz"]
[Site "Chess.com"]
[Date "2018.11.06"]
[Round "8"]
[White "severomorskij"]
[Black "Ar4uha"]
[Result "1/2-1/2"]
[WhiteElo "2705"]
[BlackElo "2621"]
[TimeControl "180+2"]
[EndTime "14:53:33 PST"]
[Termination "Game drawn by repetition"]

1. d4 Nf6 2. Bg5 e6 3. e4 h6 4.
Bxf6 Qxf6 5. c3 d5 6. Bd3 c5 7. Nf3 Nc6 8. O-O Bd7 9. exd5 exd5 10. Re1+ Be7 11. dxc5 O-O 12. b4 Rfe8 13. a3 a5 14. b5 Nb8 15. Nbd2 Qxc3 16. Nb3 a4 17. Nbd4 Bxc5 18. Rxe8+ Bxe8 19. Nf5 Nd7 20. g3 Ne5 21. Nxe5 Qxe5 22. Ra2 Bd7 23. Qf3 Re8 24. Re2 Qa1+ 25. Kg2 Rxe2 26. Qxe2 Qf6 27. Qf3 Be6 28. Qf4 Bxa3 29. Qxa4 Bxf5 30. Qxa3 Bxd3 31. Qxd3 Qe5 32. Qa3 Qe4+ 33. Kh3 d4 34. f3 Qf5+ 35. g4 Qd5 36. Qd3 Qc5 37. Qe2 g6 38. Qe4 b6 39.
Qc6 d3 40. Qxc5 bxc5 41. b6 d2 42.
b7 d1=Q 43. b8=Q+ Kh7 44. Qf4 Qd5 45. Qf6 Kg8 46. Kg3 c4 47. h4 Qc5 48. Qc3 Qd6+ 49. Kf2 Qc5+ 50. Qe3 Qd5 51. Qxh6 c3 52. Qe3 c2 53. h5 gxh5 54. gxh5 Qc4 55. Qg5+ Kf8 56. Qd8+ Kg7 57. Qg5+ Kh7 58. Qf5+ Kh6 59. Qf6+ Kxh5 60.
Qf5+ Kh6 61. Qf6+ Kh7 62. Qf5+ Kh6 63. Qf6+ Kh5 64. Qf5+ Kh4 65. Qf6+ Kh3 66. Qf5+ Kh4 67. Qf6+ Kh5 68. Qf5+ Kh6 69. Qf6+ Kh7 70. Qf5+ Kg7 71. Qg5+ Kh8 72. Qh5+ Kg8 73. Qg5+ Kf8 74. Qd8+ Kg7 75.
Qg5+ Kh7 76. Qh5+ Kg7 77. Qg5+ Kf8 78. Qd8+ Kg7 79. Qg5+ 1/2-1/2

[Event "*** Titled Tuesday Blitz"]
[Site "Chess.com"]
[Date "2018.11.06"]
[Round "8"]
[White "aquaticpineapples"]
[Black "alishersuleymenov"]
[Result "0-1"]
[WhiteElo "2019"]
[BlackElo "2471"]
[TimeControl "180+2"]
[EndTime "14:53:41 PST"]
[Termination "alishersuleymenov won by checkmate"]

1. d4 Nf6 2. Nf3 g6 3. Nbd2 d5 4. e3 Bg7 5. b4 O-O 6. c4 a5 7. b5 c5 8. Bb2 cxd4 9. Nxd4 e5 10.
N4f3 e4 11. Nd4 a4 12. a3 Bg4 13. Be2 Bxe2 14. Qxe2 Nbd7 15. O-O Nc5 16. cxd5 Qxd5 17. Qc4 Nd3 18. Rab1 Rfe8 19. Qxd5 Nxd5 20. Nc4 Rec8 21.
Nd6 Rc2 22. Ba1 Ra2 23. Nxb7 Rxa3 24. Nd6 Bxd4 25. Bxd4 Rb3 26. Nxe4 Rb8 27. Nd6 Rd8 28. Nc4 Rb8 29. b6 Nc3 30. Rxb3 Ne2+ 31. Kh1 axb3 32. h3 Nxd4 33. exd4 b2 34. Rb1 Kf8 35. Kg1 Ke7 36. Kf1 Ke6 37. Ke2 Nf4+ 38. Kf3 Nd3 39. Ke3 Nb4 40.
Rxb2 Nd5+ 41. Ke4 f5+ 42. Kf3 Kd7 43. g3 Kc6 44. Ke2 Kb7 45. Kd3 Ra8 46. Nd6+ Kc6 47. b7 Rb8 48. Nc4 Kc7 49. h4 Ne7 50. Ne5 Nd5 51.
Ke2 Nb6 52. Rc2+ Kxb7 53. Kf3 Rd8 54. Rd2 Nd5 55. g4 fxg4+ 56. Kxg4 Rf8 57. f3 Kc7 58. Rc2+ Kd6 59. Rc6+ Ke7 60. Ra6 Ne3+ 61. Kg3 Nf5+ 62. Kg4 Nxd4 63. Ra7+ Ke6 64. f4 Ne2 65. Ra6+ Kd5 66.
Nd3 Kd4 67. Rd6+ Ke3 68. Rd7 Nd4 69. Nc5 Rxf4+ 70. Kg3 Ne2+ 71. Kh3 Rf3+ 72. Kh2 Rf2+ 73.
Kh3 Nf4+ 74. Kg4 Rg2# 0-1

[Event "*** Titled Tuesday Blitz"]
[Site "Chess.com"]
[Date "2018.11.06"]
[Round "8"]
[White "Lagmantr"]
[Black "champ2005"]
[Result "0-1"]
[WhiteElo "2517"]
[BlackElo "2745"]
[TimeControl "180+2"]
[EndTime "14:53:45 PST"]
[Termination "champ2005 won by resignation"]

1. e4 c5 2. Nf3 d6 3. d4 cxd4 4. Nxd4 Nf6 5. Nc3 a6 6. Be3 e5 7.
Nb3 Be7 8. f3 Be6 9. Qd2 O-O 10.
O-O-O Nbd7 11. g4 b5 12. g5 b4 13. Ne2 Ne8 14. f4 a5 15. f5 a4 16. Nbd4 exd4 17. Nxd4 b3 18. Kb1 bxc2+ 19. Nxc2 Bb3 20. axb3 axb3 21.
Na3 Ne5 22. h4 Nc7 23. f6 gxf6 24. gxf6 Bxf6 25. Rg1+ Kh8 26. Qxd6 Ne6 27. Qxd8 Rfxd8 28. Bh3 Nd3 29. Bxe6 fxe6 30. Bg5 Bxg5 31. hxg5 Ne5 32. Rxd8+ Rxd8 33. Nb5 Nf3 34. Rh1 Nxg5 35. Nc3 Nf3 36. Kc1 Kg7 37. Rh3 Ne5 38. Ne2 Nd3+ 39. Kb1 Nc5 40.
Nc1 Rd1 41. Rc3 Nxe4 42. Rxb3 Rd7 43. Re3 Ng5 44. b4 Rb7 45. Rb3 h5 46. b5 h4 47.
Nd3 h3 48. Nf2 h2 49. Kc2 Ne4 50. Nh1 Kf6 51. Rh3 Rxb5 52. Rxh2 Ra5 53. Kd3 Ng5 54. Rf2+ Ke5 55. Re2+ Kf4 56. Rf2+ Kg4 57. Rg2+ Kh3 58. Re2 Kg4 59. Rg2+ Kf4 60. Rf2+ Nf3 61. Ke2 Re5+ 62. Kd3 Re1 63. Re2 Rd1+ 64. Kc4 Ne5+ 65. Rxe5 Kxe5 66.
Nf2 Rd5 67. Nd3+ Rxd3 68. Kxd3 Kf4 69. Kd2 Kf3 70. Kd1 Kf2 71. Kd2 e5 72. Kd3 Kf3 73.
Kd2 e4 74. Kd1 0-1

[Event "*** Titled Tuesday Blitz"]
[Site "Chess.com"]
[Date "2018.11.06"]
[Round "8"]
[White "Alopekos"]
[Black "Vuk2000"]
[Result "1/2-1/2"]
[WhiteElo "2493"]
[BlackElo "2674"]
[TimeControl "180+2"]
[EndTime "14:54:01 PST"]
[Termination "Game drawn by agreement"]

1. e4 e6 2. d4 d5 3. Nc3 Bb4 4.
e5 c5 5. a3 Bxc3+ 6. bxc3 Ne7 7. Qg4 Qc7 8. Qxg7 Rg8 9. Qxh7 cxd4 10. Ne2 Nbc6 11. f4 Bd7 12. Rg1 dxc3 13. g4 O-O-O 14.
Qd3 d4 15. h4 Qb6 16. h5 Nd5 17. Rg3 f6 18. exf6 Nxf6 19. Bh3 e5 20. fxe5 Nxe5 21. Qxd4 Qxd4 22. Nxd4 Ne4 23. Re3 Bxg4 24. Rxe4 Bxh3 25. Be3 Rge8 26. O-O-O Bg2 27. Rf4 Nc4 28. Bf2 Re4 29. Rxe4 Bxe4 30. Re1 Re8 31. h6 Kd7 32. Nb5 Bh7 33. Rxe8 Kxe8 34. a4 a6 35. Nxc3 Nd6 36. Nd5 Kf7 37. Be3 Nf5 38. Bf4 Nd4 39. Kd2 Nxc2 40.
Kc3 Ne1 41. Kd4 Ng2 42. Bd2 Nh4 43. Kc5 Nf3 44. Bc3 Ke6 45. Nf4+ Kf5 46. Nd3 Kg5 47.
Nb4 Kxh6 48. Kb6 Be4 49. Nxa6 bxa6 50. Kxa6 Kg6 51. Kb6 Ng1 52. a5 Ne2 53. Bb2 Nf4 54. a6 Nd3 55. Bc3 Nf4 56. Be5 Nd5+ 57. Kc5 Ne7 58.
Kb6 Kf7 59. Kc7 Ke6 60. Bh2 Nc6 61. Bg1 Nb4 62. a7 Bd5 63. Kb8 Na6+ 64. Kc8 Bc6 65. Bh2 Kd5 66. Kd8 Kc5 67. Bb8 Kb6 68. Ke7 Kb7 69.
Kf6 Nc5 70. Ke5 Na6 71. Kd4 Kc8 72. Kc4 Kd7 73. Kd4 Ke6 74. Kc4 Kd7 75. Kd4 Nb4 76.
Kc5 Nd5 77. Kd4 Bb7 78. Kc5 Ba8 79. Kd4 Kc6 80. Kc4 Nb6+ 81. Kd4 Nc8 82. Kc4 Nxa7 1/2-1/2

[Event "*** Titled Tuesday Blitz"]
[Site "Chess.com"]
[Date "2018.11.06"]
[Round "8"]
[White "Karina_Oparina"]
[Black "ZeroRealtorFade"]
[Result "0-1"]
[WhiteElo "2181"]
[BlackElo "2226"]
[TimeControl "180+2"]
[EndTime "14:54:02 PST"]
[Termination "ZeroRealtorFade won on time"]

1. Nf3 Nf6 2. g3 g6 3. Bg2 Bg7 4. O-O O-O 5. c4 c5 6. d4 cxd4 7. Nxd4 Nc6 8. Nc3 Nxd4 9. Qxd4 d6 10. Qd3 a6 11. b3 Rb8 12. Bb2 Be6 13. Rfd1 Qc8 14. Rac1 Rd8 15. Nd5 Bxd5 16. cxd5 Qd7 17. Rc4 Rdc8 18. Rdc1 Rxc4 19. Qxc4 Ne8 20. Ba3 h5 21. h4 Be5 22. Rc2 Qf5 23. Be4 Qg4 24. Bf3 Qf5 25. Be4 Qg4 26. Bf3 Qf5 27. Qe4 Qd7 28.
Qc4 Qf5 29. Kg2 Bf6 30. Be4 Qg4 31. Bd3 Qd7 32. Bc1 Be5 33. a4 Nf6 34. f4 b5 35.
axb5 axb5 36. Qc6 Ba1 37. Ra2 Bd4 38. e3 Bc5 39. Qxd7 Nxd7 40. Bd2 b4 41. e4 Nf6 42. Kf3 Ng4 43. Bc4 Nh2+ 44. Kg2 Ng4 45. Kf3 Kf8 46. Ra6 Ke8 47. Ra5 Nh2+ 48. Ke2 Ng4 49. Bb5+ Kd8 50. Bc4 Nf6 51. Kd3 Kc7 52. Be1 Nd7 53. Rb5 Rxb5 54. Bxb5 Nf6 55. Bc4 Kb6 56. e5 Ng4 57. exd6 exd6 58.
Ke4 Nf6+ 59. Kd3 Ng4 60. Ke4 Nf2+ 61. Kf3 Ng4 62. Ke4 Nf6+ 63. Kf3 Ng4 64. Ke4 Ne3 65. Kf3 Nxc4 66. bxc4 Ka5 67. g4 Ka4 68. gxh5 gxh5 69. Ke4 b3 70. Kd3 Ka3 0-1

[Event "*** Titled Tuesday Blitz"]
[Site "Chess.com"]
[Date "2018.11.06"]
[Round "8"]
[White "PaulfromSPb"]
[Black "bascheyaro"]
[Result "1-0"]
[WhiteElo "2534"]
[BlackElo "2697"]
[TimeControl "180+2"]
[EndTime "14:55:36 PST"]
[Termination "PaulfromSPb won by checkmate"]

1. d4 d5 2. Bg5 c6 3. c3 Bf5 4. Nd2 Nd7 5. e3 Ngf6 6. f4 Qb6 7. Qb3 e6 8. Bxf6 Nxf6 9. h3 h5 10. Ngf3 h4 11. Ne5 Be7 12. Bd3 Bxd3 13. Nxd3 Nh5 14.
O-O Ng3 15. Rfe1 f5 16. Qc2 g5 17. fxg5 Bxg5 18. Nf4 Kd7 19. Nf3 Rag8 20. Ne5+ Kd6 21.
Nf7+ Kd7 22. Nxh8 Rxh8 23. Ng6 Rg8 24. Ne5+ Ke7 25. Nf3 Bf6 26. c4 Ne4 27. cxd5 exd5 28. Nd2 Nd6 29. Rf1 Ke6 30. Kh1 Rg3 31. Rf3 Qd8 32.
Rxg3 hxg3 33. Rf1 Qg8 34. Rf3 Bd8 35. Qd1 Bc7 36. Qe1 Nf7 37. Qf1 Nd6 38. Qd3 Qg5 39.
Kg1 Nf7 40. Qe2 Qg6 41. Rf1 Ng5 42. Qd3 Qh7 43. Nf3 Nf7 44. Nh4 Nd6 45. Nf3 Nf7 46. b4 a6 47. a4 Qh5 48. b5 axb5 49. axb5 Nd6 50. bxc6 bxc6 51. Nd2 Ba5 52. Nf3 Nc4 53. Ne5 Nxe5 54. dxe5 Qg5 55. Kh1 Bb6 56. Rf3 Kxe5 57. Qc3+ Kd6 58. Qb4+ Bc5 59. Qb8+ Kd7 60. Qb7+ Kd6 61.
Qb8+ Kd7 62. Qxg3 Qf6 63. Qf4 Ke6 64. Rf1 Bd6 65. Qd4 Qg6 66. Rf3 c5 67. Qa4 c4 68. Kg1 Qg8 69. Qc2 Qg5 70. Kf1 Bc5 71.
Qc3 Bd6 72. Qh8 Qg6 73. Qc8+ Ke5 74. Qh8+ Ke6 75. Qd4 Be5 76. Qb6+ Bd6 77. Qc6 Qg8 78. Rf2 Qb8 79. Rd2 Qb1+ 80. Kf2 Qe4 81. Qe8+ Be7 82.
Qg6+ Bf6 83. Qg8+ Ke7 84. Qxd5 Bh4+ 85. Kf1 Qb1+ 86. Rd1 Qc2 87. Qd7+ Kf8 88. Qc8+ Kf7 89. Qd7+ Kf8 90. Qd6+ Kg7 91. Qe5+ Bf6 92. Rd7+ Kg6 93. Qe8+ Kg5 94. Qg8+ Bg7 95. Qxg7+ Kh4 96. Rd4+ f4 97. Rxf4+ Kh5 98. Qg4+ Kh6 99. Rf6+ Kh7 100. Qh5+ Kg7 101. Qg5+ Kh7 102. Rh6# 1-0

[Event "*** Titled Tuesday Blitz"]
[Site "Chess.com"]
[Date "2018.11.06"]
[Round "8"]
[White "danyuffa"]
[Black "mishanick"]
[Result "1-0"]
[WhiteElo "2682"]
[BlackElo "2928"]
[TimeControl "180+2"]
[EndTime "14:56:59 PST"]
[Termination "danyuffa won by resignation"]

1. d4 Nf6 2. c4 e6 3. g3 Bb4+ 4. Bd2 Be7 5. Bg2 d5 6. Nf3 c6 7. Qc2 O-O 8. O-O b6 9. b3 Nbd7 10. a4 a5 11. Rd1 Ba6 12. Nc3 dxc4 13. bxc4 Bxc4 14. Ne5 Nxe5 15. dxe5 Nd5 16. Bf4 Qc7 17. Ne4 Nxf4 18. gxf4 Bd5 19. Nd6 Bxd6 20. exd6 Qxd6 21. e4 Qxf4 22. exd5 cxd5 23. Rab1 Rac8 24. Qb3 Rc4 25. Qxb6 Rxa4 26. Ra1 Rxa1 27. Rxa1 a4 28. Qa5 Rb8 29. Qxa4 Qxa4 30. Rxa4 Rb1+ 31. Bf1 g5 32. h4 h6 33.
hxg5 hxg5 34. Kg2 Kg7 35. Ra7 Rb3 36. Be2 Kg6 37. Bd1 Rc3 38. Ba4 Rc8 39. Rd7 Rc4 40. Bb5 Rc3 41. Ra7 Rc8 42. Rd7 Rb8 43. Bd3+ Kf6 44. Be2 Rh8 45. Kg3 Rh7 46. Ra7 Ke5 47.
Bd3 Rg7 48. Bb5 Kf6 49. Be8 Rh7 50. Rb7 Rg7 51. Ra7 e5 52. Ra6+ Ke7 53. Bc6 Kd6 54. Ba8+ Ke7 55. Bxd5 g4 56. Be4 Rg5 57. Kh4 f6 58. Bd5 Rf5 59. Kg3 Rf4 60. Re6+ Kd7 61. Ra6 Ke7 62. Rb6 Rf5 63. Rb7+ Kd6 64. Rb5 e4 65. Bc4 Rf3+ 66. Kg2 f5 67. Ra5 e3 68.
fxe3 Rxe3 69. Rxf5 Rc3 70. Be2 Re3 71. Bxg4 Re5 72.
Rf4 Kd5 73. Kg3 Kc5 74. Bf3 Kd6 75. Rh4 Kc5 76. Kf4 Re7 77. Rh8 Rf7+ 78. Ke3 Re7+ 79.
Be4 Kd6 80. Rh6+ Ke5 81. Rh5+ Kd6 82. Kd4 Re6 83. Ra5 Rf6 84. Bf5 Ke7 85. Ke5 Rf7 86. Ra6 Rg7 87. Bg6 Kf8 88. Rb6 Re7+ 89. Kf6 Rf7+ 90. Ke6 Re7+ 91. Kf5 Ra7 92. Kg5 Ke7 93. Bf5 Kf7 94. Rh6 Re7 95. Ra6 Kg7 96. Kf4 Kf7 97.
Bg6+ Kg7 98. Kg5 Re5+ 99. Bf5 Re7 100. Rf6 Rf7 101. Rd6 Re7 102. Be6 Rc7 103. Bd5 Kf8 104. Re6 Re7 105. Rf6+ Ke8 106. Rd6 Kf8 107. Kf6 Rf7+ 108. Ke5 Rf1 109. Be4 Rf7 110. Ra6 Kg7 111. Bf5 Re7+ 112. Be6 Rc7 113. Ra2 Rc5+ 114. Bd5 Rc7 115. Rg2+ Kf8 116. Kd6 Rg7 117. Rf2+ Ke8 118. Bc6+ Rd7+ 119. Bxd7+ 1-0

[Event "*** Titled Tuesday Blitz"]
[Site "Chess.com"]
[Date "2018.11.06"]
[Round "9"]
[White "Caterpiller35"]
[Black "AkibaRubi"]
[Result "1-0"]
[WhiteElo "2267"]
[BlackElo "2455"]
[TimeControl "180+2"]
[EndTime "15:00:27 PST"]
[Termination "Caterpiller35 won by resignation"]

1. d4 g6 2. e4 Bg7 3. c3 d6 4. h4 Nf6 5. f3 O-O 6. Be3 c5 7.
Qd2 cxd4 8. cxd4 Re8 9. h5 e6 10. hxg6 fxg6 11. Nc3 Nc6 12. g4 e5 13. Bc4+ Kh8 14.
Qh2 Be6 15. Bxe6 Rxe6 16. d5 Nb4 17. dxe6 Rc8 18. Bg5 Nd3+ 19. Kd2 Nxb2 20. Bxf6 1-0

[Event "*** Titled Tuesday Blitz"]
[Site "Chess.com"]
[Date "2018.11.06"]
[Round "9"]
[White "BillForster"]
[Black "WorldChampionBulletChess"]
[Result "1-0"]
[WhiteElo "1726"]
[BlackElo "2075"]
[TimeControl "180+2"]
[EndTime "15:00:35 PST"]
[Termination "BillForster won by resignation"]

1. d4 Nf6 2. c4 e6 3. Nc3 b6 4. e4 Bb4 5. Bd3 Bb7 6. Qe2 Bxc3+ 7. bxc3 O-O 8. f4 d5 9. e5 Ne4 10. Bd2 Nd7 11. Nf3 c5 12. O-O Rc8 13. Ng5 Nxd2 14.
Bxh7+ Kh8 15. Qh5 Re8 1-0

[Event "*** Titled Tuesday Blitz"]
[Site "Chess.com"]
[Date "2018.11.06"]
[Round "9"]
[White "kleinebeer98"]
[Black "Firouzja2003"]
[Result "1-0"]
[WhiteElo "2646"]
[BlackElo "2914"]
[TimeControl "180+2"]
[EndTime "15:01:07 PST"]
[Termination "kleinebeer98 won by resignation"]

1. e4 c5 2. Nf3 e6 3. d4 cxd4 4. Nxd4 Nc6 5. Nc3 Qc7 6. Qd3 a6 7. Nxc6 bxc6 8. Qg3 d6 9. b3 Nf6 10. Bb2 h5 11. h4 e5 12. O-O-O Be6 13. f3 g6 14. Kb1 Bh6 15. Qf2 O-O 16. g4 hxg4 17. h5 Nxh5 18. fxg4 Bxg4 19. Be2 Bxe2 20. Qxe2 Bg7 21.
Rdg1 Nf4 22. Qh2 f6 23. Ne2 Nxe2 24. Rxg6 Qb6 25. Rxg7+ 1-0

[Event "*** Titled Tuesday Blitz"]
[Site "Chess.com"]
[Date "2018.11.06"]
[Round "9"]
[White "AttackSparrow"]
[Black "Rashad_Zeynalli"]
[Result "0-1"]
[WhiteElo "2220"]
[BlackElo "2383"]
[TimeControl "180+2"]
[EndTime "15:01:18 PST"]
[Termination "Rashad_Zeynalli won by resignation"]

1. e4 e5 2. Nf3 Nc6 3. Bb5 Nf6 4. d3 Bc5 5. c3 O-O 6. O-O d6 7. Nbd2 a6 8. Ba4 Ba7 9. Re1 Ne7 10. Nf1 Ng6 11. Ng3 h6 12. d4 b5 13. Bb3 Re8 14. h3 exd4 15. cxd4 c5 16. a4 cxd4 17. axb5 axb5 18.
Nxd4 Bb7 19. Be3 Nxe4 20. Nxe4 Bxe4 21. Nxb5 Bxe3 22. Rxe3 Rxa1 23. Qxa1 Qg5 24. f3 Qxe3+ 0-1

[Event "*** Titled Tuesday Blitz"]
[Site "Chess.com"]
[Date "2018.11.06"]
[Round "9"]
[White "Manukyan_Artak"]
[Black "colegiodemadrid"]
[Result "1-0"]
[WhiteElo "2439"]
[BlackElo "2237"]
[TimeControl "180+2"]
[EndTime "15:01:25 PST"]
[Termination "Manukyan_Artak won by resignation"]

1. e4 c5 2. Nf3 d6 3. Bb5+ Nc6 4. O-O Bd7 5. c3 Nf6 6. Re1 a6 7. Bxc6 Bxc6 8. e5 dxe5 9. Nxe5 Qc7 10. d4 cxd4 11.
cxd4 e6 12. Bg5 Be7 13. Nxc6 Qxc6 14. Bxf6 Bxf6 15. d5 Qd7 16. Nc3 O-O 17. dxe6 Qxd1 18. exf7+ Rxf7 19. Raxd1 Rc7 20. Nd5 Rc2 21. Nxf6+ gxf6 22. Re7 Rxb2 23. h4 Rc8 24. Rdd7 b5 25. Rg7+ Kf8 26. Rxh7 Kg8 27. Rdg7+ Kf8 28. Rb7 Kg8 29. Rbg7+ Kf8 30. Ra7 Kg8 31. h5 Rc1+ 32. Kh2 Rxf2 33.
Rag7+ Kf8 34. h6 1-0

[Event "*** Titled Tuesday Blitz"]
[Site "Chess.com"]
[Date "2018.11.06"]
[Round "9"]
[White "Mikhail_Golubev"]
[Black "mouseWLZ"]
[Result "1-0"]
[WhiteElo "2460"]
[BlackElo "2272"]
[TimeControl "180+2"]
[EndTime "15:01:42 PST"]
[Termination "Mikhail_Golubev won by resignation"]

1. e4 e6 2. d3 d5 3. Nd2 c5 4.
Ngf3 Nc6 5. g3 Nf6 6. Bg2 Be7 7. O-O O-O 8. Re1 b5 9. exd5 exd5 10. d4 c4 11. Nf1 Re8 12. Ne5 Bb7 13. Ne3 Rb8 14.
Nf5 Bf8 15. Bf4 Ne7 16. Nxf7 Nxf5 17. Nxd8 1-0

[Event "*** Titled Tuesday Blitz"]
[Site "Chess.com"]
[Date "2018.11.06"]
[Round "9"]
[White "DonPreuss"]
[Black "Karina_Oparina"]
[Result "1-0"]
[WhiteElo "2135"]
[BlackElo "2172"]
[TimeControl "180+2"]
[EndTime "15:02:09 PST"]
[Termination "DonPreuss won by checkmate"]

1. d4 Nf6 2. Nc3 d5 3. e4 Nxe4 4. Nxe4 dxe4 5. Bc4 Nd7 6. c3 Nf6 7. f3 e6 8. Qe2 exf3 9. Nxf3 Bd6 10. O-O O-O 11.
Bd3 c5 12. Qf2 cxd4 13. Qh4 Be7 14. Bg5 g6 15. c4 Re8 16. Ne5 Nd5 17. Rxf7 h5 18.
Bxg6 Bxg5 19. Qxh5 Nf6 20. Bh7+ Kh8 21. Ng6# 1-0

[Event "*** Titled Tuesday Blitz"]
[Site "Chess.com"]
[Date "2018.11.06"]
[Round "9"]
[White "Muisback26"]
[Black "Lovkov_Roman"]
[Result "1-0"]
[WhiteElo "2812"]
[BlackElo "2630"]
[TimeControl "180+2"]
[EndTime "15:02:33 PST"]
[Termination "Muisback26 won by resignation"]

1. e4 c6 2. Ne2 d5 3. e5 c5 4. d4 Nc6 5. c3 Bf5 6. dxc5 e6 7. b4 a5 8. Nd4 Bg6 9. Bb5 Qc7 10. O-O Ne7 11. Re1 Bxb1 12. Rxb1 g6 13. Bg5 Bg7 14.
Bf6 O-O 15. Qf3 Nxd4 16. cxd4 Nf5 17. Bxg7 Kxg7 18. Bd3 Nxd4 19. Qf4 Nc6 20. Re3 Qe7 21. b5 Nb4 22. Be2 Rac8 23. a3 Nc2 24. Rc3 1-0

[Event "*** Titled Tuesday Blitz"]
[Site "Chess.com"]
[Date "2018.11.06"]
[Round "9"]
[White "Kawhi_Leonard2"]
[Black "tomozupan"]
[Result "1-0"]
[WhiteElo "2291"]
[BlackElo "2170"]
[TimeControl "180+2"]
[EndTime "15:02:59 PST"]
[Termination "Kawhi_Leonard2 won by resignation"]

1. e4 e5 2. Nf3 Nc6 3. Bb5 Nge7 4. c3 g6 5. d4 exd4 6. cxd4 Bg7 7. O-O a6 8. Ba4 b5 9. Bb3 d6 10. h3 O-O 11. Nc3 h6 12. Re1 Na5 13. Bc2 c5 14. Bf4 Nc4 15. b3 Na3 16. Rc1 Nc6 17. Be3 c4 18. Nd5 Be6 19. Qd2 Rc8 20. Bxh6 Nxc2 21. Rxc2 cxb3 22. axb3 Nxd4 23. Nxd4 Bxd5 24. exd5 Rxc2 25.
Nxc2 1-0

[Event "*** Titled Tuesday Blitz"]
[Site "Chess.com"]
[Date "2018.11.06"]
[Round "9"]
[White "vugarrasulov"]
[Black "Federtiu"]
[Result "1/2-1/2"]
[WhiteElo "2781"]
[BlackElo "2637"]
[TimeControl "180+2"]
[EndTime "15:03:14 PST"]
[Termination "Game drawn by repetition"]

1. e4 g6 2. d4 Bg7 3. Nc3 d6 4. f4 a6 5. Nf3 b5 6. Bd3 Nd7 7. e5 c5 8. exd6 exd6 9. O-O Ne7 10. Ne4 O-O 11. Nxd6 cxd4 12. a4 Qb6 13. Nxc8 Raxc8 14. axb5 axb5 15. Bd2 Nd5 16. f5 Nc5 17. fxg6 fxg6 18. Ng5 Nxd3 19. cxd3 Rxf1+ 20. Qxf1 Ne3 21. Qf7+ Kh8 22. Ra7 Qf6 23. Qxf6 Bxf6 24. Nxh7 Bd8 25. Nf8 Rc6 26. Ra8 Rc2 27. Rxd8 Rxd2 28. Nxg6+ Kg7 29.
Nf4 Rd1+ 30. Kf2 Rf1+ 31. Kg3 Nf5+ 32. Kg4 Nh6+ 33. Kg3 Nf5+ 34. Kg4 Nh6+ 35. Kg3 Nf5+ 36. Kg4 1/2-1/2

[Event "*** Titled Tuesday Blitz"]
[Site "Chess.com"]
[Date "2018.11.06"]
[Round "9"]
[White "EphiphanyLord"]
[Black "GMSrinath"]
[Result "0-1"]
[WhiteElo "2581"]
[BlackElo "2811"]
[TimeControl "180+2"]
[EndTime "15:03:16 PST"]
[Termination "GMSrinath won by resignation"]

1. e4 c6 2. d4 d5 3. Nd2 dxe4 4. Nxe4 Nf6 5. Nxf6+ exf6 6. Bc4 Bd6 7. Qe2+ Be7 8. Nf3 O-O 9. O-O Nd7 10. c3 Nb6 11. Bb3 Bd6 12. h3 Re8 13. Qc2 Be6 14. Be3 Qd7 15.
Bxe6 Qxe6 16. Rfe1 Nd5 17. Bd2 Qd7 18. c4 Nc7 19. b3 h6 20. Rad1 Ne6 21. Bc1 Ng5 22. Nxg5 hxg5 23. Rxe8+ Rxe8 24. Be3 g4 25. hxg4 Qxg4 26.
d5 c5 27. Rd3 Qh4 28. g3 Bxg3 29. fxg3 Qxg3+ 30. Qg2 Qe1+ 31. Kh2 Rxe3 32. Rxe3 Qxe3 0-1

[Event "*** Titled Tuesday Blitz"]
[Site "Chess.com"]
[Date "2018.11.06"]
[Round "9"]
[White "pastouche06"]
[Black "ZuchBolt"]
[Result "1-0"]
[WhiteElo "2446"]
[BlackElo "2265"]
[TimeControl "180+2"]
[EndTime "15:03:20 PST"]
[Termination "pastouche06 won by resignation"]

1. d4 d5 2. c4 c6 3. Nf3 Nf6 4. g3 g6 5. Bg2 Bg7 6. O-O O-O 7. cxd5 cxd5 8. Ne5 Ng4 9. f4 Nc6 10. Nc3 Ngxe5 11.
fxe5 Be6 12. e3 Rc8 13. Bd2 f6 14. exf6 Rxf6 15. Rxf6 Bxf6 16. Qf3 Nb4 17. a3 Nd3 18. Rb1 Bf5 19. g4 Be4 20. Nxe4 dxe4 21. Qxe4 Nc5 22.
dxc5 Qxd2 23. Qe6+ Kg7 24. Qxc8 Qxe3+ 25. Kh1 1-0

[Event "*** Titled Tuesday Blitz"]
[Site "Chess.com"]
[Date "2018.11.06"]
[Round "9"]
[White "sere99"]
[Black "DiogenesSinopeus"]
[Result "0-1"]
[WhiteElo "2308"]
[BlackElo "2406"]
[TimeControl "180+2"]
[EndTime "15:03:39 PST"]
[Termination "DiogenesSinopeus won by resignation"]

1. d4 Nf6 2. c4 e6 3. Nc3 Bb4 4. Qc2 c5 5. dxc5 Bxc3+ 6. Qxc3 Ne4 7. Qd4 Qa5+ 8. Bd2 Qxd2+ 9. Qxd2 Nxd2 10. Kxd2 Na6 11.
e3 Nxc5 12. Bd3 Nxd3 13. Kxd3 b6 14. Nf3 Ba6 15. b3 d5 16. Nd2 Rc8 17. Rac1 Ke7 18. Kc3 Rhd8 19. Rhd1 Rc7 20. Kb4 Rdc8 21. Rc3 Bb7 22.
g3 Rc5 23. Rdc1 a5+ 24. Ka3 b5 25. Kb2 dxc4 26. bxc4 b4 27. Rd3 a4 28. a3 b3 29.
Kc3 R5c7 30. Kb4 Bc6 31. Nb1 Rb8+ 32. Kc3 Rbc8 33. Kd2 Be4 34. Rd4 Bxb1 35. Rxb1 Rxc4 36. Rxc4 Rxc4 37. Kd3 Rc2 38. Rd1 0-1

[Event "*** Titled Tuesday Blitz"]
[Site "Chess.com"]
[Date "2018.11.06"]
[Round "9"]
[White "aRk_iN"]
[Black "novocane"]
[Result "1-0"]
[WhiteElo "2178"]
[BlackElo "2160"]
[TimeControl "180+2"]
[EndTime "15:03:45 PST"]
[Termination "aRk_iN won by resignation"]

1. e4 c5 2. Nf3 Nc6 3. d4 cxd4 4. Nxd4 e5 5. Nb5 d6 6. c4 Be7 7. Bd3 Be6 8. O-O Rc8 9. Be3 a6 10. N5c3 Bg5 11. Re1 h6 12. Nd2 Nf6 13. Nf1 O-O 14. Bxg5 hxg5 15. Qd2 Nh5 16. g3 Nd4 17. Qe2 g4 18.
Qe3 Nf3+ 19. Kg2 Nxe1+ 20. Rxe1 Bxc4 21. Bxc4 Rxc4 22. Qe2 b5 23. Ne3 Rc5 24. Nf5 Nf6 25. Rd1 Qa8 26. Rxd6 b4 27. Rxf6 bxc3 28. Qxg4 1-0

[Event "*** Titled Tuesday Blitz"]
[Site "Chess.com"]
[Date "2018.11.06"]
[Round "9"]
[White "Boorchess"]
[Black "SaraciNderim"]
[Result "0-1"]
[WhiteElo "2445"]
[BlackElo "2649"]
[TimeControl "180+2"]
[EndTime "15:03:46 PST"]
[Termination "SaraciNderim won by resignation"]

1. e4 c5 2. c3 e6 3. d4 cxd4 4. cxd4 d5 5. exd5 exd5 6. Nf3 Bb4+ 7. Nc3 Nf6 8. Bb5+ Bd7 9. Bxd7+ Nbxd7 10. O-O O-O 11.
Ne2 Re8 12. Ng3 Ne4 13. a3 Nxg3 14. fxg3 Be7 15. Bf4 Nf6 16. Qb3 Qb6 17. Qxb6 axb6 18. Rac1 Rac8 19. Bc7 b5 20. Ne5 Ne4 21. Bb6 f6 22.
Nd3 Bd6 23. Rxc8 Rxc8 24. Rc1 Rc4 25. Kf1 Rxc1+ 26. Nxc1 Nd2+ 27. Ke2 Nc4 28. Bc5 Bxc5 29. dxc5 Nxb2 30. Ke3 Kf7 31. Kd4 Ke6 32. Na2 Nc4 33. Nc3 Nxa3 34. Ne2 g5 35. Kc3 Ke5 36. Kb4 Nc2+ 37.
Ka5 d4 38. Kb6 d3 39. Nc3 b4 40. Kxb7 bxc3 41. c6 Nd4 42. c7 Nb5 43. c8=Q Nd6+ 0-1

[Event "*** Titled Tuesday Blitz"]
[Site "Chess.com"]
[Date "2018.11.06"]
[Round "9"]
[White "ruvat"]
[Black "SimonKnightRivendell"]
[Result "1-0"]
[WhiteElo "2299"]
[BlackElo "1952"]
[TimeControl "180+2"]
[EndTime "15:03:48 PST"]
[Termination "ruvat won by resignation"]

1. d4 d5 2. c4 e5 3. dxe5 d4 4. Nf3 Nc6 5. a3 Bg4 6. Nbd2 Nge7 7. b4 Ng6 8. Bb2 Ngxe5 9. Nxe5 Nxe5 10. Qb3 Qd7 11.
h3 Bh5 12. g4 Bg6 13. Bg2 O-O-O 14. f4 Nxg4 15. Qf3 c5 16. hxg4 f6 17. f5 Bf7 18. b5 Bd6 19. O-O-O Rde8 20. Kb1 Re3 21. Qf2 Rhe8 22. Bf3 h5 23. Rc1 hxg4 24. Bxg4 Bg3 25. Qg2 Qc7 26. Rh3 Qf4 27. Bf3 Qxf5+ 28. Ka1 Bf4 29.
Bg4 1-0

[Event "*** Titled Tuesday Blitz"]
[Site "Chess.com"]
[Date "2018.11.06"]
[Round "9"]
[White "Makalexa"]
[Black "ShadyH9"]
[Result "1-0"]
[WhiteElo "2136"]
[BlackElo "2261"]
[TimeControl "180+2"]
[EndTime "15:03:50 PST"]
[Termination "Makalexa won by resignation"]

1. e4 c5 2. Nf3 Nc6 3. d4 cxd4 4. Nxd4 g6 5. c4 Nf6 6. Nc3 d6 7. Nc2 Bg7 8. Be2 O-O 9. O-O Be6 10. Bg5 Rc8 11. Rc1 Qa5 12. Qd2 Rfe8 13. Rfd1 a6 14. b3 Ne5 15. Bxf6 Bxf6 16. Nd5 Qxd2 17. Nxf6+ exf6 18.
Rxd2 Red8 19. Rcd1 Kf8 20. f4 Nd7 21. Rxd6 Ke7 22.
Bf3 b5 23. Ne3 bxc4 24. f5 c3 25. fxe6 fxe6 26. R6d3 c2 27. Rc1 Ne5 28. Rxd8 Kxd8 29.
Rxc2 Rb8 30. Nc4 1-0